 Dungeon Crawl Stone Soup version 0.29-a0-330-g52719c12eb (webtiles) character file.

Game seed: 5304214149864587578

1950 kae the Firebug (level 9, -6/58 HPs)
             Began as an Octopode Fire Elementalist on Apr 16, 2022.
             Was an Initiate of Ashenzari.
             Mangled by an ice beast (7 damage)
             ... on level 7 of the Dungeon.
             The game lasted 00:05:39 (9453 turns).

kae the Firebug (Octopode Fire Elementalist)        Turns: 9453, Time: 00:05:40

Health: -6/58      AC:  1    Str:  7    XL:     9   Next: 18%
Magic:  4/15       EV: 14    Int: 22    God:    Ashenzari [......]
Gold:   231        SH:  0    Dex: 12    Spells: 8/17 levels left

rFire   . . .      SeeInvis .   g - +0 mace (protect)
rCold   . . .      Faith    .   (no shield)
rNeg    . . .      Spirit   .   (helmet restricted)
rPois   .          Reflect  .   (no amulet)
rElec   .          Harm     .   (no ring)
rCorr   .          Rampage  .   (no ring)
Will    .....                   (no ring)
Stlth   ++++......              (no ring)
HPRegen 0.19/turn               (no ring)
MPRegen 0.14/turn               (no ring)
                                (no ring)
                                (no ring)

@: no status effects
A: almost no armour, amphibious, 8 rings, camouflage 1, gelatinous body 1,
(nimble swimmer 1), tentacles
a: Renounce Religion


You were on level 7 of the Dungeon.
You worshipped Ashenzari.
Ashenzari was noncommittal.
You visited 2 branches of the dungeon, and saw 8 of its levels.

You collected 347 gold pieces.
You spent 116 gold pieces at shops.

Inventory:

Hand Weapons
 g - a +0 mace of protection (weapon)
Wands
 s - a wand of mindburst (26)
Scrolls
 b - a scroll of fog {unknown}
 d - 7 scrolls of identify
 e - 2 scrolls of torment
 h - 2 scrolls of amnesia
 k - 3 scrolls of magic mapping
 l - a scroll of enchant armour
 m - 3 scrolls of summoning
 n - a scroll of vulnerability
 o - a scroll of enchant weapon
 r - 3 scrolls of fear {unknown}
 t - a scroll of noise {unknown}
Potions
 a - 2 potions of magic
 c - a potion of mutation
 f - a potion of curing
 i - 4 potions of attraction
 j - a potion of cancellation
 q - a potion of berserk rage {unknown}
 u - a potion of haste {unknown}


   Skills:
 + Level 4.2 Fighting
 + Level 4.7 Dodging
 + Level 6.6 Stealth
 + Level 4.5 Spellcasting
 + Level 4.2 Conjurations
 * Level 7.0 Fire Magic


You had 8 spell levels left.
You knew the following spells:

 Your Spells              Type           Power      Damage    Failure   Level
a - Foxfire               Conj/Fire      100%       2x1d9     1%          1
b - Scorch                Fire           70%        2d9       1%          2
c - Conjure Flame         Conj/Fire      29%        6-21      3%          3
d - Inner Flame           Hex/Fire       20%        N/A       8%          3

Your spell library contained the following spells:

 Spells                   Type           Power      Damage    Failure   Level
 Sandblast                Erth           10%        2d5       11%         1
 Slow                     Hex            20%        N/A       11%         1
 Sting                    Tmut/Pois      20%        1d4       11%         1
 Flame Wave               Conj/Fire      29%        2d8       11%         4
 Ignite Poison            Fire/Tmut/Pois 15%        N/A       12%         3
 Stone Arrow              Conj/Erth      28%        3d8       14%         3
 Blink                    Tloc           10%        N/A       16%         2
 Ensorcelled Hibernation  Hex/Ice        10%        N/A       16%         2
 Passwall                 Tmut/Erth      4%         N/A       16%         2
 Poisonous Vapours        Pois/Air       10%        N/A       16%         2
 Mephitic Cloud           Conj/Pois/Air  11%        N/A       19%         3
 Confusing Touch          Hex            5%         N/A       32%         3
 Lesser Beckoning         Tloc           5%         N/A       32%         3
 Swiftness                Air            5%         N/A       32%         3
 Vampiric Draining        Necr           5%         2d6       32%         3
 Olgreb's Toxic Radiance  Pois           5%         N/A       71%         4
 Freezing Cloud           Conj/Ice/Air   5%         6-21      86%         5
 Manifold Assault         Tloc           5%         N/A       96%         5


Dungeon Overview and Level Annotations

Branches:
Dungeon (7/15)             Temple (1/1) D:6

Altars:
Ashenzari
Cheibriados
Dithmenos
Elyvilon
Fedhas
Gozag
Hepliaklqana
Kikubaaqudgha
Makhleb
Qazlal
Ru
Trog
Uskayaw
Vehumet
Xom
Yredelemnul
Zin
The Shining One

Shops:
D:2 [   D:3 ?(*(

Annotations:
D:6 1 exclusion


Innate Abilities, Weirdness & Mutations

You cannot wear most types of armour.
You are amphibious.
You can wear up to eight rings at the same time.
Your skin changes colour to match your surroundings (Stealth+).
Your rubbery body absorbs attacks. (AC +1, EV +1)
((You are camouflaged when in or above water. (Stealth+)))
You have tentacles for arms and can constrict up to eight enemies at once.


Message History

The killer bee closely misses you. x2
Casting: Foxfire (safe; 1% risk of failure)
Confirm with . or Enter, or press ? or * to list all spells.
Flames lash the killer bee.
You kill the killer bee!
You feel sick.
Your Fire Magic skill increases to level 7!
You feel sick.
Okay, then.
Casting: Scorch (safe; 1% risk of failure)
Confirm with . or Enter, or press ? or * to list all spells.
Flames lash the ice beast.
The ice beast melts!
The ice beast is heavily wounded.
The ice beast's fire resistance burns away.
The bullfrog gives a loud, deep croak!
You feel sick. The ice beast misses you.
You feel sick.
You are no longer poisoned.
The bullfrog hits you but does no damage.
The ice beast barely misses you.
Casting: Scorch (safe; 1% risk of failure)
Confirm with . or Enter, or press ? or * to list all spells.
Flames lash the bullfrog.
The bullfrog is heavily wounded.
The bullfrog's fire resistance burns away.
The bullfrog completely misses you. The ice beast hits you.
The ice beast freezes you! The bullfrog hits you!
* * * LOW HITPOINT WARNING * * *
The bullfrog completely misses you. The ice beast hits you.
* * * LOW HITPOINT WARNING * * *
The ice beast freezes you!
* * * LOW HITPOINT WARNING * * *
Casting: Scorch (safe; 1% risk of failure)
Confirm with . or Enter, or press ? or * to list all spells.
Flames lash the ice beast.
The ice beast melts!
The ice beast is almost dead.
The bullfrog barely misses you. The ice beast hits you.
* * * LOW HITPOINT WARNING * * *
The ice beast freezes you!
You die...

.................###
...!...........###
...........#####
.........###
.........#
.........#
.........#
.....?.†.#
.......@.#
.......FY.....#
..###.[.......# ..
#.........#
#.........#
#.........#
#.........#
#.........#


You could see an ice beast (combustible) and a bullfrog (combustible).

Vanquished Creatures
  A wraith (D:6)
  Menkaure (D:4)
  A sky beast (D:5)
  A black bear (D:5)
  An orc warrior (D:6)
  A bullfrog (D:7)
  4 wights
  2 killer bees (D:7)
  2 howler monkeys (D:7)
  5 orc priests
  6 hounds
  4 jellies
  4 iguanas
  7 orc wizards
  7 adders
  3 white imps
  A worm (D:3)
  5 dart slugs
  22 orcs
  6 endoplasms
  16 giant cockroaches
  6 goblins
  8 hobgoblins
  4 jackals (D:5)
  7 kobolds
  3 quokkas
  6 ball pythons
  2 bats
  3 frilled lizards
  10 rats
149 creatures vanquished.

Vanquished Creatures (others)
  505 foxfires
505 creatures vanquished.

Grand Total: 654 creatures vanquished

Notes
Turn   | Place    | Note
-------+----------+-------------------------------------------
     0 | D:1      | kae the Octopode Fire Elementalist began the quest for the
                  | Orb.
     0 | D:1      | Reached XP level 1. HP: 11/11 MP: 3/3
   336 | D:1      | Reached XP level 2. HP: 17/17 MP: 0/5
   522 | D:1      | Found a faded altar of an unknown god.
  1494 | D:2      | Reached XP level 3. HP: 20/22 MP: 1/6
  1499 | D:2      | Learned a level 2 spell: Scorch
  1503 | D:2      | Learned a level 3 spell: Conjure Flame
  1859 | D:2      | Found Giseir's Antique Armour Boutique.
  1878 | D:2      | Reached skill level 1 in Fighting
  2053 | D:2      | Reached XP level 4. HP: 19/28 MP: 7/7
  2729 | D:3      | Found an opulent altar of Gozag.
  2750 | D:3      | Found Fiqos's Weapon Shoppe.
  2809 | D:3      | Reached XP level 5. HP: 26/33 MP: 4/8
  2913 | D:3      | Reached skill level 4 in Fire Magic
  3202 | D:3      | Found Jeegg's Weapon Shoppe.
  3262 | D:3      | Found Goitwig's Assorted Antiques.
  3271 | D:3      | Bought 3 scrolls labelled XAYSEN CIGA for 72 gold pieces
  3271 | D:3      | Bought a scroll labelled JUUFOU YXTEI for 24 gold pieces
  3542 | D:3      | Found Ygekhid's Magic Scroll Boutique.
  3551 | D:3      | Bought a scroll of identify for 20 gold pieces
  3766 | D:4      | Reached XP level 6. HP: 35/39 MP: 5/10
  4057 | D:4      | Noticed Menkaure
  4069 | D:4      | Killed Menkaure
  4448 | D:4      | Reached XP level 7. HP: 45/45 MP: 8/11
  5074 | D:4      | Learned a level 3 spell: Inner Flame
  5144 | D:4      | Reached skill level 5 in Fire Magic
  5595 | D:5      | Entered Level 5 of the Dungeon
  5608 | D:5      | Reached skill level 5 in Stealth
  5842 | D:5      | Reached XP level 8. HP: 31/52 MP: 4/13
  6878 | D:6      | Reached skill level 6 in Fire Magic
  7448 | D:6      | Found a broken altar of Ashenzari.
  7522 | D:6      | Noticed a wraith
  8065 | D:6      | Killed a wraith
  8088 | D:6      | Reached XP level 9. HP: 35/58 MP: 2/15
  8472 | D:6      | Found a staircase to the Ecumenical Temple.
  8796 | Temple   | Entered the Ecumenical Temple
  9115 | D:6      | Saw a vision of the Shoals and the Snake Pit.
  9115 | D:6      | Noticed a black mamba
  9115 | D:6      | Noticed a black mamba
  9115 | D:6      | Noticed a merfolk siren
  9115 | D:6      | Noticed a merfolk
  9115 | D:6      | Noticed an anaconda
  9115 | D:6      | Noticed a sea snake
  9115 | D:6      | Noticed an anaconda
  9115 | D:6      | Noticed a black mamba
  9115 | D:6      | Noticed a guardian serpent
  9116 | D:6      | Noticed a black mamba
  9117 | D:6      | Noticed a salamander
  9118 | D:6      | Noticed a naga warrior
  9119 | D:6      | Became a worshipper of Ashenzari the Shackled
  9448 | D:7      | Reached skill level 7 in Fire Magic
  9453 | D:7      | HP: 1/58 [ice beast (3)]
  9453 | D:7      | Mangled by an ice beast

Illustrated notes

Levels and vault maps discovered:
D:1:      wander_arrival_lonely_grave, layout_basic,
          hellmonk_ecumenical_altar_inner_sanctum
D:2:      minmay_roachtagon, layout_basic, serial_shops, nicolae_square_shop,
          minmay_domino_4
D:3:      layout_rooms, mainiacjoe_overflow_24_doors, serial_shops,
          nicolae_diamond_shop, shop, shop, shop_fountains
D:4:      layout_cave_pods, grunt_decor_junction, uniq_menkaure
D:5:      layout_cave_pools, minmay_misc_feat_diagonals
D:6:      minmay_klotski, layout_basic, grunt_ashenzari_visionary
          [grunt_ashenzari_visionary_shoals, grunt_ashenzari_visionary_snake],
          lemuel_temple_firewalk_a, minmay_fractal_squares_gapless_5
D:7:      layout_basic
Temple:   eino_temple_scatter_basement

Skill      XL: |  1  2  3  4  5  6  7  8  9 |
---------------+----------------------------+-----
Stealth        | 3 4 5 6 |  6.6
Fighting       | 1 2 3 4 |  4.2
Fire Magic     | 4 5 6 7 |  7.0
Conjurations   | 2 3 4 |  4.2
Dodging        | 3 4 |  4.7
Spellcasting   | 3 4 |  4.5

Action                   |  1- 3 |  4- 6 |  7- 9 || total
-------------------------+-------+-------+-------++-------
Melee: Unarmed           |    15 |       |       ||    15
       Constrict         |    13 |    17 |     4 ||    34
       Mace              |    39 |    51 |    15 ||   105
       Tentacles         |     8 |    12 |     3 ||    23
       Punch             |     1 |     2 |       ||     3
 Cast: Foxfire           |    54 |    73 |   175 ||   302
       Scorch            |       |     4 |    32 ||    36
       Conjure Flame     |       |       |     7 ||     7
       Inner Flame       |       |       |     2 ||     2
  Use: Scroll            |     1 |       |    15 ||    16
       Potion            |       |       |     4 ||     4
 Stab: Sleeping          |     4 |     1 |       ||     5
Armor: Skin              |    12 |    17 |    13 ||    42
Dodge: Dodged            |    65 |    59 |    86 ||   210

Table legend: (Time is in decaauts)
 A = Elapsed time spent in this place.
 B = Non-inter-level travel time spent in this place.
 C = Inter-level travel time spent in this place.
 D = Time resting spent in this place.
 E = Time spent auto-exploring this place.
 F = Levels seen in this place.
 G = Mean time per level.
                   A        B        C        D        E       F      G
               +--------+--------+--------+--------+--------+-----+--------+
         Total |   9499 |   9040 |    459 |   1074 |   6551 |   8 | 1187.4 |
       Dungeon |   9297 |   8851 |    446 |   1074 |   6376 |   7 | 1328.1 |
        Temple |    201 |    189 |     12 |      0 |    175 |   1 |  201.0 |
               +--------+--------+--------+--------+--------+-----+--------+

Top non-repeatable levels by time:
     D:6: 2131 daAuts
     D:4: 1810 daAuts
     D:1: 1461 daAuts
     D:5: 1245 daAuts
     D:3: 1195 daAuts
     D:2: 1167 daAuts
     D:7: 285 daAuts
  Temple: 201 daAuts
